 Dungeon Crawl Stone Soup version 0.21-a0-227-g58a7c62 (webtiles) character file.

462 Leszczynek the Ruffian (level 6, -1/55 HPs)
             Began as a Troll Skald on Aug 30, 2017.
             Was a Follower of Zin.
             Slain by Edmund
             ... wielding a +2 flail of venom
              (5 damage)
             ... on level 6 of the Dungeon.
             The game lasted 00:10:19 (1452 turns).

Leszczynek the Ruffian (Troll Skald)                Turns: 1452, Time: 00:10:19

Health: -1/55      AC:  6    Str: 20    XL:     6   Next: 79%
Magic:  6/6        EV: 10    Int:  9    God:    Zin [*.....]
Gold:   148        SH:  0    Dex: 11    Spells: 4/7 levels left

rFire    . . .     SeeInvis .     - Unarmed
rCold    . . .     Gourm    +   (no shield)
rNeg     . . .     Faith    .   a - +0 robe
rPois    .         Spirit   .   o - +1 hat
rElec    .         Reflect  .   (no cloak)
rCorr    .         Harm     .   (gloves unavailable)
MR       .....                  (boots unavailable)
Stlth    ..........             (no amulet)
HPRegen  0.58/turn              j - ring of loudness (curse)
MPRegen  0.10/turn              (no ring)

@: lethally poisoned (-1 -> -3), flying
A: unfitting armour, claws 3, fast metabolism 3, gourmand, regeneration 1,
shaggy fur 1, tough skin 2
a: Recite, Donate Gold, Renounce Religion


You were on level 6 of the Dungeon.
You worshipped Zin.
Zin was aware of your devotion.
You were very full.

You visited 1 branch of the dungeon, and saw 8 of its levels.

You collected 164 gold pieces.
You donated 16 gold pieces to Zin.

Inventory:

Missiles
 e - 71 bolts
 t - 3 large rocks (quivered)
Armour
 a - a +0 robe (worn)
 o - a +1 hat (worn)
Jewellery
 j - a cursed ring of loudness (left claw)
Wands
 v - a wand of flame (34/48)
Scrolls
 c - a scroll of identify {@r1}
 g - 2 scrolls of teleportation
 q - a scroll of enchant weapon {unknown}
 r - a scroll of magic mapping {unknown}
 s - a scroll of amnesia {unknown}
 w - a scroll of random uselessness {unknown}
 x - a scroll of enchant armour {unknown}
 y - a scroll of fog {unknown}
Potions
 f - a potion of heal wounds {unknown}
 i - 2 potions of curing {unknown}
 l - a potion of berserk rage {!q}
 m - a potion of might {unknown}
 n - a potion of lignification {unknown}
 p - 2 potions of flight
 z - a potion of degeneration {unknown}
Books
 b - a book of Battle

   Spells                             Type                      Level
   a - Infusion                       Charms                       1
   b - Shroud of Golubria             Charms/Translocation         2
   c - Song of Slaying                Charms                       2
   d - Spectral Weapon                Hexes/Charms                 3
   e - Regeneration                   Charms/Necromancy            3
 k - a book of Changes

   Spells                             Type                      Level
   a - Beastly Appendage              Transmutation                1
   b - Sticks to Snakes               Transmutation                2
   c - Spider Form                    Transmutation/Poison         3
   d - Ice Form                       Ice/Transmutation            4
   e - Blade Hands                    Transmutation                5
Comestibles
 d - 4 bread rations
 h - 2 royal jellies
 u - 3 fruits


   Skills:
 - Level 1.5 Fighting
 - Level 1.9 Dodging
 + Level 7.4 Unarmed Combat
 - Level 1.2 Spellcasting
 - Level 2.0 Charms


You had 4 spell levels left.
You knew the following spells:

 Your Spells              Type           Power        Failure   Level  Hunger
a - Infusion              Chrm           #...         16%         1    ##.....
b - Shroud of Golubria    Chrm/Tloc      #.........   36%         2    ###....


Dungeon Overview and Level Annotations

Branches:
Dungeon (8/15)
 Temple: D:4-7         Lair: D:8-11

Altars:
Zin

Annotations:
D:6 Edmund
D:7 Joseph


Innate Abilities, Weirdness & Mutations

You are too large for most types of armour.
You have claws for hands.
Your metabolism is lightning-fast.
You like to eat raw meat.
Your natural rate of healing is unusually fast.
You are covered in fur. (AC +1)
You have very tough skin. (AC +2)


Message History

You feel sick.
You feel sick.
You feel sick.
You feel sick.
You feel sick.
You feel sick.
You feel sick.
You feel sick.
You feel sick.
The crimson imp blinks!
Found a falchion.
You feel sick. Edmund hits you with a flail of venom.
* * * LOW HITPOINT WARNING * * *
You are more poisoned.
You feel sick.
Unknown command.
You feel sick.
It was a potion of flight.
You feel very buoyant.
You fly up into the air.
You feel sick. Edmund hits you with a flail of venom.
You die...

#........##.###...
#.........5.......#
#.......#.#####.#.#
#.###...........# #
#.[.#.#####.#
#...#.# #...#.#
##+###@%.#.#
#....@.###..
#......# #..
#......# ##
+....).# #......#
#......# #......#
........


You could see Edmund and a crimson imp.

Vanquished Creatures
  A sky beast (D:6)
  A crimson imp (D:6)
  2 hounds
  A centaur skeleton (D:6)
  2 jellies
  An orc priest (D:4)
  Natasha (twice) (D:3)
  An orc wizard (D:4)
  A worker ant (D:4)
  3 adders
  A worm (D:2)
  A leopard gecko (D:7)
  An orc (D:4)
  A giant cockroach (D:3)
  2 goblins (D:1)
  3 hobgoblins
  2 quokkas (D:5)
  2 ball pythons (D:1)
  3 bats
  A frilled lizard (D:1)
  A jackal skeleton (D:4)
  4 kobolds
37 creatures vanquished.

Vanquished Creatures (others)
  An orc wizard (D:4)
1 creature vanquished.

Grand Total: 38 creatures vanquished

Notes
Turn   | Place    | Note
-------+----------+-------------------------------------------
     0 | D:1      | Leszczynek the Troll Skald began the quest for the Orb.
     0 | D:1      | Reached XP level 1. HP: 19/19 MP: 1/1
     0 | D:1      | this is the winning character
     0 | D:1      | i can feel it in my bones
   142 | D:2      | Reached XP level 2. HP: 27/27 MP: 2/2
   146 | D:2      | Learned a level 2 spell: Shroud of Golubria
   218 | D:3      | Noticed Natasha
   234 | D:3      | Killed Natasha
   234 | D:3      | Reached skill level 3 in Unarmed Combat
   234 | D:3      | Reached XP level 3. HP: 21/33 MP: 0/3
   250 | D:3      | Noticed Natasha
   257 | D:3      | Killed Natasha
   257 | D:3      | Reached skill level 4 in Unarmed Combat
   271 | D:3      | Reached XP level 4. HP: 25/41 MP: 1/4
   433 | D:5      | Entered Level 5 of the Dungeon
   727 | D:7      | totally safe playstyle guys
   739 | D:7      | no, i'm not going to d:8, i need a god
   746 | D:7      | Found a glowing silver altar of Zin.
   752 | D:7      | pff
   755 | D:7      | Became a worshipper of Zin the Law-Giver
   755 | D:7      | Reached * piety under Zin
   756 | D:7      | yeah sure, this is totally a great god, i bet
   802 | D:6      | Reached skill level 5 in Unarmed Combat
   802 | D:6      | Reached XP level 5. HP: 48/48 MP: 5/5
   889 | D:5      | Noticed a sky beast
   933 | D:6      | Killed a sky beast
   933 | D:6      | Reached skill level 6 in Unarmed Combat
   933 | D:6      | Reached XP level 6. HP: 55/55 MP: 6/6
   934 | D:6      | then i can disregard int, right?
   934 | D:6      | because i'm not casting statue
  1154 | D:4      | cant' cast regen either
  1154 | D:4      | best god ever
  1154 | D:4      | can't use ligni
  1158 | D:4      | and i can't eat humanoid corpses too, right?
  1215 | D:4      | Reached skill level 7 in Unarmed Combat
  1225 | D:4      | yep
  1369 | D:7      | Noticed Joseph
  1370 | D:7      | uhhhhh
  1370 | D:7      | i could kill him with berserk
  1370 | D:7      | but do i want to use it
  1370 | D:7      | probably not
  1397 | D:6      | Noticed Edmund
  1439 | D:6      | HP: 11/55 [poisoned by Edmund]
  1444 | D:6      | HP: 9/55 [poisoned by Edmund]
  1449 | D:6      | HP: 8/55 [poisoned by Edmund]
  1452 | D:6      | Slain by Edmund

Vault maps used:
D:1:      minmay_arrival_doors
D:2:      kennysheep_generic_room_8, uniq_jessica, uniq_crazy_yiuf_cottage
D:3:      uniq_natasha
D:4:      nicolae_temple_entry_ecumenical, first_bread
D:5:      uniq_eustachio
D:6:      small_statue_intersection, uniq_edmund, uniq_prince_ribbit1
D:7:      basic_altar, uniq_joseph
D:8:      lemuel_round_altar, dpeg_oklobed_lair, hangedman_pestilent_swarm,
          tso_altar

Skill      XL: |  1  2  3  4  5  6 |
---------------+-------------------+-----
Unarmed Combat | 3 4 5 6 7 |  7.4
Fighting       | |  1.5
Dodging        | |  1.9
Spellcasting   | |  1.2
Charms         | |  2.0

Action                   |  1- 3 |  4- 6 || total
-------------------------+-------+-------++-------
Melee: Unarmed           |    48 |    91 ||   139
       Punch             |     1 |     2 ||     3
 Cast: Shroud of Golubri |     1 |     2 ||     3
  Use: Scroll            |       |     2 ||     2
       Potion            |       |     1 ||     1
  Eat: Chunk             |     8 |    11 ||    19
Armor: Robe              |    17 |    42 ||    59
Dodge: Dodged            |    26 |    55 ||    81

Table legend:
 A = Spawn XP
 B = Non-spawn XP
 C = Spawn XP percentage of total XP
 D = Spawn monster count
 E = Non-spawn monster count
 F = Spawn count percentage of total count
 G = Total turns spent on level
                    A         B        C        D         E        F      G
               +---------+---------+-------+---------+---------+-------+---------
         Total |      76 |     584 |  11.5 |       3 |      35 |   7.9 |  1452
               +---------+---------+-------+---------+---------+-------+---------
           D:1 |       0 |      10 |   0.0 |       0 |       7 |   0.0 |   140
           D:2 |       0 |       9 |   0.0 |       0 |       4 |   0.0 |   105
           D:3 |       2 |      93 |   2.1 |       1 |       8 |  11.1 |   178
           D:4 |      34 |     141 |  19.4 |       1 |       7 |  12.5 |   272
           D:5 |       0 |      59 |   0.0 |       0 |       4 |   0.0 |   321
           D:6 |      40 |     226 |  15.0 |       1 |       3 |  25.0 |   302
           D:7 |       0 |      46 |   0.0 |       0 |       2 |   0.0 |   132
               +---------+---------+-------+---------+---------+-------+---------
